 Dungeon Crawl Stone Soup version 0.26-a0-631-ged93497179 (webtiles) character file.

Game seed: 6489239983278457399

598 DogServant the Skirmisher (level 7, 16/56 HPs)
             Began as a Human Fighter on Sept 11, 2020.
             Was an Initiate of Elyvilon.
             Quit the game on level 5 of the Dungeon on Sept 12, 2020.
             The game lasted 00:08:49 (5448 turns).

DogServant the Skirmisher (Human Fighter)           Turns: 5448, Time: 00:08:50

Health: 16/56      AC:  6    Str: 16 (19) XL:     7   Next: 68%
Magic:  8/8        EV:  7    Int:  7 (8)  God:    Elyvilon [......]
Gold:   179        SH:  8    Dex:  9 (12) Spells: 6/6 levels left

rFire    . . .     SeeInvis .   a - +0 long sword
rCold    . . .     Faith    .   c - +0 kite shield
rNeg     . . .     Spirit   .   b - +0 scale mail
rPois    .         Reflect  .   (no helmet)
rElec    .         Harm     .   (no cloak)
rCorr    .         Rampage  .   (no gloves)
MR       .....                  (no boots)
Stlth    ..........             (no amulet)
HPRegen  0.18/turn              (no ring)
MPRegen  0.11/turn              (no ring)

@: no status effects
A: no striking features
a: Renounce Religion


You were on level 5 of the Dungeon.
You worshipped Elyvilon.
Elyvilon was noncommittal.
You visited 2 branches of the dungeon, and saw 6 of its levels.

You collected 179 gold pieces.

Inventory:

Hand Weapons
 a - a +0 long sword (weapon)
Missiles
 l - 14 poisoned darts (quivered)
Armour
 b - a +0 scale mail (worn)
 c - a +0 kite shield (worn)
 v - a +0 tower shield
Jewellery
 f - an uncursed ring of protection from fire {unknown}
 w - a +6 ring of dexterity {unknown}
Scrolls
 j - 4 scrolls of teleportation {unknown}
 k - 4 scrolls of identify {unknown}
 s - a scroll of enchant weapon {unknown}
 t - a scroll of remove curse {unknown}
 u - a scroll of enchant armour {unknown}
Potions
 g - 3 potions of curing
 i - a potion of berserk rage {unknown}
 m - 5 potions of lignification {unknown}
 n - a potion of brilliance {unknown}
 o - a potion of heal wounds {unknown}
 p - a potion of magic {unknown}
 q - 2 potions of ambrosia {unknown}
 r - a potion of mutation {unknown}


   Skills:
 - Level 5.5 Fighting
 - Level 5.0 Long Blades
 + Level 3.5 Armour
 + Level 1.5 Dodging
 + Level 3.6 Shields
 + Level 1.6 Invocations


You had 6 spell levels left.
You didn't know any spells.
Your spell library was empty.

Dungeon Overview and Level Annotations

Branches:
Dungeon (5/15)             Temple (1/1) D:4

Altars:
Ashenzari
Cheibriados
Dithmenos
Elyvilon
Hepliaklqana
Makhleb
Trog
Uskayaw
Vehumet
The Shining One


Message History

You smell wet yak.
It was a scroll of random uselessness.
As you read the scroll labeled OVIANOINYDGH, it crumbles to dust.
The creatures around you are filled with an inner flame!
It was a scroll of immolation.
The centaur shoots an arrow.
The arrow hits you!
Okay, then.
Okay, then.
Okay, then.
It was a potion of degeneration.
There was something very wrong with that liquid.
You feel weakened.
You feel dopey.
You feel clumsy.
The centaur shoots an arrow.
The arrow hits you!
* * * LOW HITPOINT WARNING * * *
Quiver which item? (- for none, * to show all) (? for menu, Esc to quit)
Okay, then.
Unknown command.
Quiver which item? (- for none, * to show all) (? for menu, Esc to quit)
Okay, then.
Quiver which item? (- for none, * to show all) (? for menu, Esc to quit)
Okay, then.
Are you sure you want to abandon this character and quit the game? (Confirm with "yes".)

##############.#
................
##>(@......#
#.c##+######
##((........#
#..c........# #.#≈≈
#.#.........# #.#≈≈
#..#....c....######.#≈≈
#.##O............ ..≈≈≈
.. #.####.###### #≈≈≈
..# #.# #..# ######≈≈≈


You could see a centaur.

Vanquished Creatures
  A phantom (D:5)
  An ogre (D:4)
  A scorpion (D:2)
  2 orc priests (D:4)
  2 orc wizards (D:3)
  2 worker ants
  A worker ant zombie (D:5)
  11 adders
  A howler monkey skeleton (D:4)
  An ooze (D:3)
  An adder zombie (D:5)
  5 worms
  2 dart slugs
  A leopard gecko (D:3)
  6 orcs
  2 giant cockroaches
  6 goblins
  5 hobgoblins
  3 jackals (D:5)
  A kobold (D:1)
  2 quokkas (D:4)
  8 bats
  4 frilled lizards
  A jackal skeleton (D:4)
  12 rats
82 creatures vanquished.

Notes
Turn   | Place    | Note
-------+----------+-------------------------------------------
     0 | D:1      | DogServant the Human Fighter began the quest for the Orb.
     0 | D:1      | Reached XP level 1. HP: 18/18 MP: 1/1
   181 | D:1      | Reached XP level 2. HP: 24/24 MP: 2/2
   674 | D:1      | Reached XP level 3. HP: 26/29 MP: 3/3
   928 | D:2      | Noticed a scorpion
   936 | D:2      | Reached XP level 4. HP: 35/37 MP: 4/4
   944 | D:2      | Reached XP level 5. HP: 22/42 MP: 5/5
  2226 | D:3      | Reached XP level 6. HP: 21/50 MP: 6/6
  2564 | D:3      | Found a radiant altar of Vehumet.
  2735 | D:3      | Reached skill level 5 in Fighting
  2934 | D:4      | HP: 2/51 [orc priest/divine providence (13)]
  3811 | D:4      | Noticed an ogre
  3818 | D:4      | Found a shadowy altar of Dithmenos.
  4078 | D:4      | Found a staircase to the Ecumenical Temple.
  4082 | Temple   | Entered the Ecumenical Temple
  4135 | Temple   | Became a worshipper of Elyvilon the Healer
  4373 | D:4      | Killed an ogre
  4373 | D:4      | Reached skill level 5 in Long Blades
  4373 | D:4      | Reached XP level 7. HP: 18/56 MP: 7/7
  5126 | D:5      | Entered Level 5 of the Dungeon
  5140 | D:5      | Reached skill level 1 in Invocations
  5238 | D:5      | Reached skill level 1 in Dodging
  5448 | D:5      | Quit the game

Illustrated notes

Levels and vault maps discovered:
D:1:      dpeg_arrival_round_b, layout_loops_ring
D:2:      layout_basic, st_stairs_6
D:3:      layout_basic, fiery_altar_vehumet
D:4:      minmay_bubble_buster, layout_rooms, minmay_temple_entry_glassed_door,
          nicolae_dithmenos_the_darkroom
D:5:      wander_river, layout_basic, uniq_crazy_yiuf_cottage
Temple:   compressed_dpeg_triangle_lava_temple

Skill      XL: |  1  2  3  4  5  6  7 |
---------------+----------------------+-----
Long Blades    | 3 4 5 |  5.0
Fighting       | 4 5 |  5.5
Invocations    | 1 |  1.6
Dodging        | 1 |  1.5
Armour         | |  3.5
Shields        | |  3.6

Action                   |  1- 3 |  4- 6 |  7- 9 || total
-------------------------+-------+-------+-------++-------
Melee: Long sword        |    74 |   182 |    81 ||   337
Throw: Dart              |       |     3 |       ||     3
  Use: Potion            |       |     3 |     1 ||     4
       Scroll            |       |       |     2 ||     2
Armor: Scale mail        |    34 |    61 |    27 ||   122
Dodge: Dodged            |    25 |    57 |    27 ||   109
Block: Kite shield       |    47 |   106 |    40 ||   193
       Rpst.: Long sword |     7 |    18 |    14 ||    39

Table legend: (Time is in decaauts)
 A = Elapsed time spent in this place.
 B = Non-inter-level travel time spent in this place.
 C = Inter-level travel time spent in this place.
 D = Time resting spent in this place.
 E = Time spent auto-exploring this place.
 F = Levels seen in this place.
 G = Mean time per level.
                   A        B        C        D        E       F      G
               +--------+--------+--------+--------+--------+-----+--------+
         Total |   5547 |   5413 |    134 |    854 |   3634 |   6 |  924.5 |
       Dungeon |   5276 |   5152 |    124 |    854 |   3379 |   5 | 1055.2 |
        Temple |    270 |    260 |     10 |      0 |    255 |   1 |  270.0 |
               +--------+--------+--------+--------+--------+-----+--------+

Top non-repeatable levels by time:
     D:3: 1666 daAuts
     D:4: 1383 daAuts
     D:1: 1263 daAuts
     D:2: 630 daAuts
     D:5: 332 daAuts
  Temple: 270 daAuts
